 Dungeon Crawl Stone Soup version 0.27.1 (webtiles) character file.

Game seed: 4146212946643084756

89 ZARRMARR the Insei (level 4, 0/28 HPs)
             Began as an Octopode Transmuter on Aug 30, 2021.
             Slain by a river rat (10 damage)
             ... on level 3 of the Dungeon.
             The game lasted 00:09:40 (2035 turns).

ZARRMARR the Insei (Octopode Transmuter)            Turns: 2035, Time: 00:09:41

Health: 0/28       AC:  1    Str: 15    XL:     4   Next: 55%
Magic:  7/8        EV: 13    Int: 16    God:
Gold:   68         SH:  0    Dex: 12    Spells: 7/8 levels left

rFire    . . .     SeeInvis .     - Unarmed
rCold    . . .     Faith    .   (no shield)
rNeg     . . .     Spirit   .   (helmet currently unavailable)
rPois    .         Reflect  .   (no amulet)
rElec    .         Harm     .   a - +6 ring of strength
rCorr    .         Rampage  .   (no ring)
Will     .....                  (no ring)
Stlth    ++++......             (no ring)
HPRegen  0.09/turn              (no ring)
MPRegen  0.11/turn              (no ring)
                                (no ring)
                                (no ring)

@: appendages
A: tentacle spike 3, almost no armour, amphibious, 8 rings, camouflage 1,
gelatinous body 1, nimble swimmer 1, tentacles
a: End Transformation


You were on level 3 of the Dungeon.
One of your tentacles had grown a beastly spike.
You visited 1 branch of the dungeon, and saw 3 of its levels.

You collected 68 gold pieces.

Inventory:

Jewellery
 a - a +6 ring of strength (left tentacle)
Scrolls
 c - a scroll of amnesia {unknown}
 e - a scroll of enchant weapon {unknown}


   Skills:
 + Level 1.0 Fighting
 + Level 2.1 Dodging
 + Level 2.4 Stealth
 + Level 4.0 Unarmed Combat
 + Level 2.7 Spellcasting
 + Level 2.1 Transmutations


You had 7 spell levels left.
You knew the following spells:

 Your Spells              Type           Power      Damage    Failure   Level
a - Beastly Appendage     Tmut           18%        N/A       8%          1

Your spell library contained the following spells:

 Spells                   Type           Power      Damage    Failure   Level
 Wereblood                Tmut           9%         N/A       12%         2
 Spider Form              Tmut/Pois      2%         N/A       36%         3
 Ice Form                 Ice/Tmut       5%         N/A       77%         4


Dungeon Overview and Level Annotations

Branches:
Dungeon (3/15)

Altars:
Dithmenos
Yredelemnul

Portals:
Sewer: D:3

Annotations:
D:2 Terence


Innate Abilities, Weirdness & Mutations

One of your tentacles has grown a beastly spike.
You cannot wear most types of armour.
You are amphibious.
You can wear up to eight rings at the same time.
Your skin changes colour to match your surroundings (Stealth+).
Your rubbery body absorbs attacks. (AC +1, EV +1)
You are camouflaged near water. (Stealth+)
You have tentacles for arms and can constrict up to eight enemies at once.


Message History

You kill the giant cockroach!
You see here a giant cockroach corpse.
A worm comes into view.
A rat comes into view.
A rat comes into view.
You tentacle-slap the worm. You grab the worm.
The worm is moderately wounded.
You constrict the worm. The worm bites you!
* * * LOW HITPOINT WARNING * * *
You tentacle-slap the worm but do no damage.
You pierce the worm.
You tentacle-slap the worm.
You kill the worm!
You see here a worm corpse.
Your transformation is almost over.
You see here a worm corpse.
Casting: Beastly Appendage (safe; 8% risk of failure)
Confirm with . or Enter, or press ? or * to list all spells.
You extend your transformation's duration.
You tentacle-slap the rat. You grab the rat.
The rat is severely wounded.
You constrict the rat.
You kill the rat!
You see here a rat corpse.
A quokka comes into view.
The helpless rat fails to defend itself.
You bludgeon the rat!
You kill the rat!
Your transformation is almost over.
A river rat comes into view.
The helpless quokka fails to defend itself.
You tentacle-slap the quokka.
You kill the quokka!
A worm comes into view.
Found a glowing drain.
Your tentacle spike disappears.
Casting: Beastly Appendage (safe; 8% risk of failure)
Confirm with . or Enter, or press ? or * to list all spells.
One of your tentacles grows a vicious spike.
The river rat bites you!
You die...

#.##.#.####.########...#
...................'...+
######....#.########...#
.....+.......# #...#
######.......# #...# #
#####...# #...# #####
#...### ##.## ...(#
#(.##≈######≈##
###.######..#†≈≈@r≈#≈≈≈#
............#≈≈≈#≈≈#≈†≈#
..#.######..##≈##≈≈##≈##
#.#.# #...#≈# ≈≈≈#≈#
..#.# #...#≈# ∩≈≈#≈#
###'### #..##≈##≈w##≈##
......# #..#≈≈≈####≈≈≈#
##....# #..#≈≈≈≈††≈≈≈≈#
#....########†######≈##


You could see a worm (asleep) and a river rat.

Vanquished Creatures
  An orc wizard (D:3)
  2 adders (D:2)
  2 worms
  A dart slug (D:1)
  2 orcs (D:3)
  4 endoplasms
  3 giant cockroaches
  3 goblins
  4 hobgoblins
  2 quokkas
  A ball python (D:2)
  3 bats
  2 frilled lizards
  A kobold (D:1)
  5 rats
36 creatures vanquished.

Vanquished Creatures (others)
  2 plants (D:3)
2 creatures vanquished.

Grand Total: 38 creatures vanquished

Notes
Turn   | Place    | Note
-------+----------+-------------------------------------------
     0 | D:1      | ZARRMARR the Octopode Transmuter began the quest for the
                  | Orb.
     0 | D:1      | Reached XP level 1. HP: 13/13 MP: 3/3
   408 | D:1      | Reached XP level 2. HP: 12/18 MP: 3/5
   783 | D:1      | Found a faded altar of an unknown god.
   783 | D:1      | Noticed a rust devil
  1195 | D:2      | Reached skill level 1 in Stealth
  1195 | D:2      | Reached XP level 3. HP: 10/23 MP: 6/6
  1634 | D:2      | Noticed Terence
  1755 | D:3      | Found a shadowy altar of Dithmenos.
  1755 | D:3      | Found a basalt altar of Yredelemnul.
  1884 | D:3      | Reached skill level 4 in Unarmed Combat
  1887 | D:3      | Reached XP level 4. HP: 9/28 MP: 5/7
  2034 | D:3      | Found a glowing drain.
  2035 | D:3      | Slain by a river rat

Illustrated notes

Levels and vault maps discovered:
D:1:      grunt_arrival_crossed_arrows, layout_loops_corners,
          dreamdust_ecumenical_altar_sealed_demon
D:2:      layout_basic, kennysheep_another_room, minmay_box_of_dots,
          uniq_terence, uniq_sigmund
D:3:      layout_basic, nemelex_dance_club_becter, mainiacjoe_overflow_paths,
          general_overflow_altar, mainiacjoe_overflow_divided_tiny,
          gup_sewer_entry_bubbles, serial_bayou_crossing

Skill      XL: |  1  2  3  4 |
---------------+-------------+-----
Stealth        | 1 2 |  2.4
Unarmed Combat | 4 |  4.0
Fighting       | |  1.0
Dodging        | |  2.1
Spellcasting   | |  2.7
Transmutations | |  2.1

Action                   |  1- 3 |  4- 6 || total
-------------------------+-------+-------++-------
Melee: Unarmed           |    55 |    14 ||    69
       Kick              |    20 |     3 ||    23
       Constrict         |    15 |     3 ||    18
       Tentacles         |    11 |     2 ||    13
       Punch             |       |     1 ||     1
 Cast: Beastly Appendage |    31 |     3 ||    34
  Use: Scroll            |     1 |       ||     1
       Potion            |       |     2 ||     2
 Stab: Sleeping          |     8 |     2 ||    10
Armor: Skin              |     4 |     1 ||     5
Dodge: Dodged            |    18 |     2 ||    20
